 Dungeon Crawl Stone Soup version 0.23-a0-402-g64599a1 (webtiles) character file.

19728 michailiordanis the Slinger (level 13, 0/88 HPs)
             Began as a Halfling Fighter on Oct 23, 2018.
             Was a High Priest of Okawaru.
             Killed from afar by an oklob plant (11 damage)
             ... with a splash of acid
             ... on level 1 of the Lair of Beasts on Nov 4, 2018.
             The game lasted 01:56:06 (12938 turns).

michailiordanis the Slinger (Halfling Fighter)     Turns: 12938, Time: 01:56:06

Health: 0/88       AC:  7    Str: 19    XL:     13   Next: 6%
Magic:  16/17      EV: 31    Int:  6    God:    Okawaru [*****.]
Gold:   612        SH: 12    Dex: 20    Spells: 12/12 levels left

rFire    . . .     SeeInvis .   u - +3 rapier of Integrity {pierce, rElec rN+}
rCold    . . .     Gourm    .   I - +0 buckler
rNeg     + . .     Faith    .   V - +3 leather armour
rPois    .         Spirit   .   (no helmet)
rElec    +         Reflect  +   v - +0 cloak
rCorr    .         Harm     .   (no gloves)
MR       .....                  s - +0 pair of boots
Stlth    +++++.....             S - +3 amulet of reflection
HPRegen  0.24/turn              O - +3 ring of dexterity
MPRegen  0.15/turn              z - +5 ring of evasion

@: heroism, corroded
A: small, mutation resistance 1
a: Heroism, Finesse, Renounce Religion


You were on level 1 of the Lair of Beasts.
You worshipped Okawaru.
Okawaru was extremely pleased with you.
You were not hungry.

You visited 3 branches of the dungeon, and saw 13 of its levels.
You also visited: Labyrinth.

You collected 612 gold pieces.

Inventory:

Hand Weapons
 a - a +1 dagger of electrocution
 b - a +0 hunting sling
 c - a +0 dagger of venom
 u - the +3 rapier of Integrity (weapon) {pierce, rElec rN+}
   (You found it in a labyrinth)

   It inflicts extra damage upon your enemies.
   It insulates you from electricity.
   It protects you from negative energy.
Missiles
 w - 106 sling bullets
Armour
 j - a +1 plate armour of magic resistance
 s - a +0 pair of boots (worn)
 v - a +0 cloak (worn)
 I - a +0 buckler (worn)
 V - a +3 leather armour (worn)
Jewellery
 z - a +5 ring of evasion (right hand)
 O - a +3 ring of dexterity (left hand)
 S - a +3 amulet of reflection (around neck)
Wands
 i - a wand of acid (14)
 r - a wand of iceblast (7)
 F - a wand of scattershot (16)
Scrolls
 g - a scroll of blinking {unknown}
 l - 2 scrolls of amnesia {unknown}
 m - 2 scrolls of enchant armour {unknown}
 t - 5 scrolls of remove curse
 x - 8 scrolls of teleportation
 A - 3 scrolls of magic mapping {unknown}
 B - a scroll of random uselessness {unknown}
 C - 3 scrolls of enchant weapon {unknown}
 K - a scroll of fear {unknown}
 X - a scroll of holy word {unknown}
Potions
 d - a potion of might
 e - 4 potions of brilliance
 h - 3 potions of curing
 n - 3 potions of haste
 p - a potion of resistance
 q - 2 potions of agility
 N - a potion of ambrosia
Comestibles
 f - 19 rations


   Skills:
 + Level 7.7(12.7) Fighting
 + Level 9.7(14.7) Short Blades
 + Level 10.6(15.6) Slings
 + Level 9.2(14.2) Armour
 + Level 8.3(13.3) Dodging
 + Level 7.4(12.4) Stealth
 + Level 9.1(14.1) Shields
 + Level 6.6 Invocations


You had 12 spell levels left.
You didn't know any spells.
Your spell library contained the following spells:

 Spells                   Type           Power        Failure   Level  Hunger
 Animate Skeleton         Necr           N/A          50%         1    ##.....
 Apportation              Tloc           #.....       50%         1    ##.....
 Confusing Touch          Hex            #.....       50%         1    ##.....
 Flame Tongue             Conj/Fire      #....        50%         1    ##.....
 Magic Dart               Conj           #...         50%         1    ##.....
 Summon Small Mammal      Summ           #...         50%         1    ##.....
 Blink                    Tloc           N/A          63%         2    ###....
 Call Imp                 Summ           #.......     63%         2    ###....
 Passwall                 Tmut/Erth      #.......     63%         2    ###....
 Poisonous Vapours        Pois/Air       #.....       63%         2    ###....
 Slow                     Hex            #.......     63%         2    ###....
 Swiftness                Chrm/Air       #.......     63%         2    ###....
 Throw Flame              Conj/Fire      #.....       63%         2    ###....
 Conjure Flame            Conj/Fire      #.......     86%         3    ####...
 Gell's Gravitas          Tloc           #.........   86%         3    ####...
 Inner Flame              Hex/Fire       #.......     86%         3    ####...
 Mephitic Cloud           Conj/Pois/Air  #.......     86%         3    ####...
 Portal Projectile        Hex/Tloc       #.....       86%         3    ####...
 Force Lance              Conj/Tloc      #.......     99%         4    #####..
 Passage of Golubria      Tloc           N/A          99%         4    #####..
 Sticky Flame             Conj/Fire      #.......     99%         4    #####..
 Fireball                 Conj/Fire      #.........   100%        5    ######.
 Lee's Rapid Deconstruct  Erth           #.........   100%        5    ######.
 Darkness                 Hex            #.........   100%        6    #######
 Dispersal                Tloc           #.........   100%        6    #######
 Freezing Cloud           Conj/Ice/Air   #.........   100%        6    #######
 Invisibility             Hex            #.......     100%        6    #######
 Malign Gateway           Summ/Tloc      #.........   100%        7    #######
 Monstrous Menagerie      Summ           #.........   100%        7    #######
 Ring of Flames           Chrm/Fire      #.........   100%        7    #######
 Summon Greater Demon     Summ           #.........   100%        7    #######
 Controlled Blink         Tloc           N/A          100%        8    #######
 Disjunction              Tloc           #.........   100%        8    #######
 Summon Horrible Things   Summ           #.........   100%        8    #######


Dungeon Overview and Level Annotations

Branches:
Dungeon (11/15)            Temple (1/1) D:5            Lair (1/6) D:11
    Orc: D:9-12

Altars:
Ashenzari
Cheibriados
Dithmenos
Elyvilon
Fedhas
Gozag
Hepliaklqana
Kikubaaqudgha
Makhleb
Nemelex Xobeh
Okawaru
Qazlal
Ru
Sif Muna
Trog
Uskayaw
Vehumet
Wu Jian
Xom
Yredelemnul
Zin
The Shining One

Shops:
D:5 !   D:9 *

Annotations:
D:5 1 transporter, jenny's ghost, novice OpWn
Lair:1 exclusion: 2 oklob plants


Innate Abilities, Weirdness & Mutations

You are small and have problems with some larger weapons.
You are somewhat resistant to further mutation.


Message History

The splash of acid misses you.
You puncture the oklob plant!
The oklob plant is severely damaged.
You hit the oklob plant but do no damage.
The oklob plant is severely damaged.
You hit the oklob plant but do no damage.
The oklob plant is severely damaged.
You puncture the oklob plant!
The oklob plant is almost destroyed.
The oklob plant spits acid at you. The splash of acid hits you!
* * * LOW HITPOINT WARNING * * *
You are splashed with acid!
The acid burns!
* * * LOW HITPOINT WARNING * * *
Okay, then.
Unknown command.
You feel better. The oklob plant spits acid at you.
The splash of acid hits you!
You die...

### ##.## #####
#########...###...# ###
.........../.##%P.#######P####
####.###....###P@.#..........# ##
# #### ###..###PP.#..#.#.###.###.
###.######.###....†.#.###........
.....................## ##.......
..#.####.#...##..##...###..#.####
######............#.##.#..#### ##
####.###.#.###......^...# #.
###.#..##..#.######.#....##### ##
.......##....##..............# #


You could see 2 oklob plants.

Vanquished Creatures
  A minotaur (Lab)
  Erolcha (D:9)
  Harold (D:8)
  A hydra (D:10)
  4 two-headed ogres
  Urug (D:10)
  Pikel (D:5)
  A deep elf mage (D:9)
  A cyclops (D:9)
  A centaur zombie (D:10)
  2 guardian serpents (D:10)
  Psyche (D:8)
  A kobold demonologist (D:9)
  4 trolls
  Prince Ribbit (D:6)
  4 hippogriffs
  11 yaks
  A spriggan (D:7)
  3 shadows
  2 redbacks (Lab)
  Grum (D:8)
  2 wargs (D:11)
  A water moccasin (Lair:1)
  A porcupine (Lair:1)
  A sky beast (D:9)
  5 orc warriors
  An ice beast (D:9)
  A phantom (D:5)
  4 wolves (D:8)
  4 ogres
  9 centaurs
  2 crocodiles (Lair:1)
  7 bullfrogs
  Blork the orc (D:5)
  16 big kobolds
  3 jellies
  5 wights
  6 killer bees
  A howler monkey (D:6)
  A bullfrog zombie (D:5)
  4 crimson imps
  12 orc priests
  6 hounds
  A centaur skeleton (D:4)
  7 orc wizards
  2 bullfrog skeletons
  Ijyb (D:5)
  Terence (D:3)
  4 iguanas
  5 worker ants
  A hound zombie (D:8)
  2 hound skeletons (D:8)
  A worker ant zombie (D:5)
  7 adders
  A shadow imp (D:8)
  An adder zombie (D:6)
  3 adder skeletons
  3 worms
  3 dart slugs
  5 leopard geckos
  27 orcs
  5 giant cockroaches
  6 goblins
  8 hobgoblins
  12 jackals
  2 ball pythons
  4 bats
  3 frilled lizards
  21 kobolds
  A leopard gecko skeleton (D:5)
  A leopard gecko zombie (D:7)
  A quokka skeleton (D:4)
  12 rats
288 creatures vanquished.

Vanquished Creatures (others)
  A slave (D:8)
  2 centaurs (Lair:1)
  A water moccasin zombie (D:7)
  An adder (D:8)
  An adder zombie (D:7)
  An orc (D:8)
  A kobold (D:9)
  A plant (Lair:1)
  5 toadstools (D:1)
14 creatures vanquished.

Grand Total: 302 creatures vanquished

Notes
Turn   | Place    | Note
-------+----------+-------------------------------------------
     0 | D:1      | michailiordanis the Halfling Fighter began the quest for
                  | the Orb.
     0 | D:1      | Reached XP level 1. HP: 15/15 MP: 1/1
   213 | D:1      | Reached XP level 2. HP: 20/20 MP: 2/2
   776 | D:2      | Reached XP level 3. HP: 22/25 MP: 3/3
  1162 | D:2      | Reached XP level 4. HP: 25/31 MP: 4/4
  1272 | D:2      | Upgraded the game from 0.23-a0-359-g9beedce to
                  | 0.23-a0-373-g305c090
  1594 | D:3      | Noticed Terence
  1638 | D:3      | Killed Terence
  1638 | D:3      | Reached XP level 5. HP: 23/36 MP: 5/5
  1690 | D:3      | Noticed a centaur
  1698 | D:3      | Reached skill level 1 in Slings
  1705 | D:3      | Killed a centaur
  1705 | D:3      | Reached skill level 2 in Slings
  1705 | D:3      | Reached skill level 1 in Dodging
  1841 | D:3      | Reached XP level 6. HP: 38/42 MP: 6/6
  2179 | D:3      | Found a snail-covered altar of Cheibriados.
  2849 | D:4      | Reached skill level 3 in Slings
  2849 | D:4      | Reached XP level 7. HP: 42/47 MP: 7/7
  2911 | D:4      | Found an iron altar of Okawaru.
  2925 | D:4      | Upgraded the game from 0.23-a0-373-g305c090 to
                  | 0.23-a0-375-g66a18ee
  3160 | D:4      | Found a glowing drain.
  3357 | D:4      | Found a glowing silver altar of Zin.
  3357 | D:4      | Found an ornate altar of the Wu Jian Council.
  3358 | D:4      | Upgraded the game from 0.23-a0-375-g66a18ee to
                  | 0.23-a0-389-g4a5eb33
  3401 | D:5      | Entered Level 5 of the Dungeon
  3408 | D:5      | Found Ukao's Distillery.
  3521 | D:5      | Reached skill level 4 in Slings
  3521 | D:5      | Reached skill level 5 in Armour
  3587 | D:5      | Noticed Pikel
  3598 | D:5      | Killed Pikel
  3598 | D:5      | Reached skill level 5 in Short Blades
  3598 | D:5      | Reached skill level 5 in Slings
  3598 | D:5      | Reached skill level 5 in Shields
  3598 | D:5      | Reached XP level 8. HP: 43/54 MP: 8/8
  3600 | D:5      | Found a stormy altar of Qazlal.
  3817 | D:5      | Found a transporter.
  3829 | D:5      | Noticed jenny's ghost (novice OpWn)
  3932 | D:5      | Noticed Blork the orc
  3934 | D:5      | Noticed Ijyb
  3959 | D:5      | Killed Blork the orc
  3969 | D:5      | Killed Ijyb
  3986 | D:5      | Found a staircase to the Ecumenical Temple.
  4202 | Temple   | Entered the Ecumenical Temple
  4388 | D:4      | Became a worshipper of Warmaster Okawaru
  4561 | D:6      | Noticed Prince Ribbit
  4580 | D:6      | Killed Prince Ribbit
  4580 | D:6      | Reached XP level 9. HP: 59/59 MP: 9/9
  4647 | D:6      | Found a glowing golden altar of the Shining One.
  4810 | D:6      | Reached skill level 6 in Slings
  5005 | D:6      | Upgraded the game from 0.23-a0-389-g4a5eb33 to
                  | 0.23-a0-402-g64599a1
  5104 | D:7      | Reached * piety under Okawaru
  5104 | D:7      | Reached skill level 5 in Fighting
  5388 | D:7      | Found a sacrificial altar of Ru.
  5906 | D:8      | Reached skill level 5 in Dodging
  5946 | D:8      | Noticed Grum
  5957 | D:8      | Reached skill level 1 in Stealth
  5975 | D:8      | Reached skill level 1 in Invocations
  5992 | D:8      | Killed Grum
  6002 | D:8      | Reached ** piety under Okawaru
  6269 | D:8      | Noticed a hippogriff
  6280 | D:8      | Killed a hippogriff
  6280 | D:8      | Reached skill level 7 in Slings
  6280 | D:8      | Reached XP level 10. HP: 60/66 MP: 11/11
  6326 | D:8      | Noticed Harold
  6369 | D:8      | Noticed a two-headed ogre
  6370 | D:8      | Killed Harold
  6370 | D:8      | Reached *** piety under Okawaru
  6370 | D:8      | Received a gift from Okawaru
  6631 | D:8      | Found a hide-covered altar of Uskayaw.
  6645 | D:8      | Found a white marble altar of Elyvilon.
  6930 | D:8      | Noticed Psyche
  6950 | D:8      | Killed Psyche
  7488 | D:7      | Killed a two-headed ogre
  7488 | D:7      | Reached skill level 8 in Slings
  7643 | D:9      | Found Cuyppoust's Assorted Antiques.
  7676 | D:9      | Found a large runed door.
  7676 | D:9      | Found a large runed door.
  7739 | D:9      | Found a large runed door.
  7739 | D:9      | Found a large runed door.
  7740 | D:9      | Noticed a deep elf mage
  7740 | D:9      | Noticed a two-headed ogre
  7771 | D:9      | Reached **** piety under Okawaru
  7786 | D:9      | Reached XP level 11. HP: 72/72 MP: 13/13
  7827 | D:9      | Found a shattered altar of Ashenzari.
  8097 | D:9      | Noticed Erolcha
  8107 | D:9      | Killed Erolcha
  8107 | D:9      | Received a gift from Okawaru
  8189 | D:9      | Reached skill level 5 in Stealth
  8235 | D:9      | Received a gift from Okawaru
  8468 | D:9      | Reached skill level 9 in Slings
  8513 | D:9      | Noticed a cyclops
  8522 | D:9      | Received a gift from Okawaru
  8529 | D:9      | Killed a cyclops
  8529 | D:9      | Reached ***** piety under Okawaru
  9064 | D:9      | Killed a two-headed ogre
  9064 | D:9      | Reached skill level 5 in Invocations
  9077 | D:9      | Killed a deep elf mage
  9088 | D:9      | Got a scorched ivory ring
  9104 | D:9      | Identified the ring of a Thousand Ghosts {Ice rPois} (You
                  | found it on level 9 of the Dungeon)
  9231 | D:10     | Entered Level 10 of the Dungeon
  9290 | D:10     | Noticed Urug
  9301 | D:10     | Killed Urug
  9301 | D:10     | Received a gift from Okawaru
  9501 | D:10     | Reached XP level 12. HP: 80/80 MP: 12/15
  9523 | D:10     | Noticed a six-headed hydra
  9618 | D:10     | Killed a six-headed hydra
 10098 | D:11     | Noticed a two-headed ogre
 10111 | D:11     | Killed a two-headed ogre
 10658 | D:11     | Reached skill level 10 in Slings
 10698 | D:11     | Received a gift from Okawaru
 11121 | D:11     | Found a staircase to the Lair.
 11158 | D:11     | Noticed a two-headed ogre
 11173 | D:11     | Killed a two-headed ogre
 11540 | Lair:1   | Entered Level 1 of the Lair of Beasts
 11627 | Lair:1   | Found a labyrinth entrance.
 11687 | Lab      | Entered a labyrinth
 11987 | Lab      | Received a gift from Okawaru
 12124 | Lab      | Noticed a minotaur
 12154 | Lab      | Killed a minotaur
 12167 | Lab      | Got a twisted rapier
 12168 | Lab      | Identified the +3 rapier of Integrity {pierce, rElec rN+}
                  | (You found it in a labyrinth)
 12443 | Lair:1   | Reached XP level 13. HP: 73/87 MP: 17/17
 12584 | Lair:1   | Found a sparkling altar of Nemelex Xobeh.
 12937 | Lair:1   | HP: 4/88 [acid (15)]
 12938 | Lair:1   | Killed from afar by an oklob plant

Vault maps used:
D:1:      ldierk_walled_garden, serial_glass, glass_columns_a, glass_columns_a,
          chequers_hall_statues_corner_a
D:2:      first_ration
D:3:      cheibriados_altar_1, uniq_terence
D:4:      okawaru_ov_weapons_minmay, gammafunk_temple_overflow_wave,
          portal_sewer_entry_e, minmay_misc_feat_plants
D:5:      lemuel_temple_firewalk_b, serial_shops, shop, gammafunk_ghost_hive,
          st_stairs_9, grunt_qazlal_sundering, uniq_pikel, uniq_ijyb,
          uniq_blork_the_orc
D:6:      tso_altar, uniq_prince_ribbit1
D:7:      kennysheep_mini, the_bakery
D:8:      nicolae_overflow_crystal_walls, elyvilon_altar_3, serial_rivers,
          chequers_serial_rivers_micro_e, chequers_serial_rivers_micro_a,
          chequers_serial_rivers_room_b, chequers_serial_rivers_small_a,
          uniq_grum, uniq_psyche, uniq_harold
D:9:      lemuel_crystal_altar, serial_shops, shop,
          minmay_hollow_rounded_squares, uniq_erolcha
D:10:     nrook_guardian_serpent_snake_passage, nrook_uturn, uniq_urug
D:11:     erik_lair_orcish_takeover
Temple:   cyrus_circular_temple
Lair:1:   lab_entry_generic, lemuel_centaur_altar, minmay_lair_oklob_chamber
Lab:      nicolae_lab_diamond, nicolae_lab_very_dead_end,
          labyrinth_skeletal_remains, nicolae_lab_arrow, lab_hedge

Skill      XL: |  1  2  3  4  5  6  7  8  9 10 11 12 |
---------------+-------------------------------------+-----
Short Blades   | 3 4 5 6 7 8 9 |  9.7
Fighting       | 3 4 5 6 7 |  7.7
Armour         | 4 5 6 7 8 9 |  9.2
Slings         | 2 3 5 7 8 9 10 | 10.6
Dodging        | 1 2 3 4 5 6 7 8 |  8.3
Shields        | 4 5 6 7 8 9 |  9.1
Stealth        | 2 4 6 7 |  7.4
Invocations    | 1 3 5 6 |  6.6

Action                   |  1- 3 |  4- 6 |  7- 9 | 10-12 | 13-15 || total
-------------------------+-------+-------+-------+-------+-------++-------
Melee: Rapier            |   109 |    92 |    59 |    49 |    46 ||   355
       Dagger            |       |     7 |   248 |   604 |       ||   859
 Fire: Hunting sling     |       |    93 |    51 |   289 |    18 ||   451
       Blowgun           |       |       |       |     7 |       ||     7
Throw: Stone             |       |       |     4 |     3 |       ||     7
Invok: Heroism           |       |       |       |    16 |     1 ||    17
       Finesse           |       |       |       |     2 |       ||     2
  Use: Scroll            |       |     4 |     7 |     4 |       ||    15
       Potion            |       |       |       |       |     1 ||     1
 Stab: Sleeping          |       |       |       |    11 |       ||    11
       Distracted        |       |       |       |     1 |       ||     1
  Eat: Chunk             |     1 |     5 |    11 |    14 |       ||    31
       Ration            |       |       |       |     2 |       ||     2
Armor: Scale mail        |    46 |    82 |    73 |    11 |       ||   212
       Leather armour    |       |       |       |    28 |     7 ||    35
Dodge: Dodged            |    54 |    95 |   211 |   305 |    33 ||   698
Block: Shield            |    14 |       |       |       |       ||    14
       Buckler           |       |       |    43 |   230 |    20 ||   293
       Reflection        |       |       |       |    17 |    10 ||    27

Table legend:
 A = Non-vault XP
 B = Vault XP
 C = Vault XP percentage of total XP
 D = Non-vault monster count
 E = Vault monster count
 F = Vault count percentage of total count
                 A         B        C        D         E       F
            +---------+---------+-------+---------+---------+-------
      Total |   14908 |   13276 |  47.1 |     209 |      81 |  27.9
            +---------+---------+-------+---------+---------+-------
        D:1 |      27 |       0 |   0.0 |      14 |       0 |   0.0
        D:2 |      75 |       0 |   0.0 |      26 |       0 |   0.0
        D:3 |     163 |      36 |  18.1 |      18 |       1 |   5.3
        D:4 |     293 |      14 |   4.6 |      15 |       8 |  34.8
        D:5 |     259 |     787 |  75.2 |       7 |       5 |  41.7
        D:6 |     482 |     255 |  34.6 |       9 |       1 |  10.0
        D:7 |    1337 |     215 |  13.9 |      14 |       1 |   6.7
        D:8 |    1153 |    2064 |  64.2 |      28 |       7 |  20.0
        D:9 |    1402 |    5955 |  80.9 |      23 |      36 |  61.0
       D:10 |    1482 |    1771 |  54.4 |       3 |       3 |  50.0
       D:11 |    4920 |     624 |  11.3 |      39 |       9 |  18.8
     Lair:1 |    2038 |     701 |  25.6 |      12 |       6 |  33.3
        Lab |    1277 |     854 |  40.1 |       1 |       4 |  80.0
            +---------+---------+-------+---------+---------+-------
